 Dungeon Crawl Stone Soup version 0.27-a0-1181-g5f64966fcc (webtiles) character file.

Game seed: 17302678648208980693

1822 leviel the Cleaver (level 8, -1/69 (73) HPs)
             Began as a Minotaur Fighter on May 17, 2021.
             Slain by a wight
             ... wielding a +2 trident
              (11 damage)
             ... on level 6 of the Dungeon.
             The game lasted 00:07:56 (7046 turns).

leviel the Cleaver (Minotaur Fighter)               Turns: 7046, Time: 00:07:57

HP:   -1/69 (73)    AC:  8    Str: 24    XL:     8   Next: 85%
MP:   7/7           EV: 12    Int:  5    God:
Gold: 329           SH: 11    Dex:  9    Spells: 7/7 levels left

rFire    . . .     SeeInvis +   a - +0 war axe
rCold    . . .     Faith    .   c - +0 kite shield
rNeg     . . .     Spirit   .   b - +0 scale mail
rPois    .         Reflect  .   (helmet restricted)
rElec    .         Harm     .   (no cloak)
rCorr    .         Rampage  .   (no gloves)
Will     .....                  (no boots)
Stlth    ..........             (no amulet)
HPRegen  0.21/turn              t - +4 ring of evasion
MPRegen  0.10/turn              u - ring of see invisible

@: drained
A: horns 2, retaliatory headbutt
a: no special abilities


You were on level 6 of the Dungeon.
You visited 1 branch of the dungeon, and saw 6 of its levels.
You also visited: Sewer.

You collected 329 gold pieces.

Inventory:

Hand Weapons
 a - a +0 war axe (weapon)
Missiles
 n - 45 poisoned darts (quivered)
Armour
 b - a +0 scale mail (worn)
 c - a +0 kite shield (worn)
Jewellery
 t - a +4 ring of evasion (left hand)
 u - a ring of see invisible (right hand)
 x - a ring of protection from cold
 z - a ring of protection from fire
Wands
 v - a wand of acid (1)
 y - a wand of mindburst (8)
Scrolls
 e - a scroll of summoning {unknown}
 f - 2 scrolls of vulnerability {unknown}
 i - 2 scrolls of noise {unknown}
 j - a scroll of fear {unknown}
 k - 4 scrolls of teleportation {unknown}
 l - a scroll of enchant armour {unknown}
 m - a scroll of blinking {unknown}
 p - 5 scrolls of identify {unknown}
 q - a scroll of magic mapping {unknown}
Potions
 d - 3 potions of might
 g - a potion of lignification {unknown}
 h - 3 potions of mutation {unknown}
 o - 3 potions of curing
 r - 4 potions of flight {unknown}
 s - 2 potions of heal wounds {unknown}
 w - a potion of berserk rage {unknown}
 A - a potion of magic {unknown}
 B - a potion of brilliance {unknown}


   Skills:
 + Level 7.0 Fighting
 * Level 8.7 Axes
 + Level 7.4 Armour
 - Level 1.2 Dodging
 - Level 0.4 Stealth
 + Level 7.0 Shields


You had 7 spell levels left.
You didn't know any spells.
Your spell library was empty.

Dungeon Overview and Level Annotations

Branches:
Dungeon (6/15)             Temple (0/1) D:6           Sewer (visited)

Altars:
Fedhas
Qazlal

Shops:
D:1 *

Annotations:
D:2 1 runed translucent door, Crazy Yiuf
D:4 2 transporters, NateTC's ghost, amateur FoFi


Innate Abilities, Weirdness & Mutations

You have a pair of horns on your head.
You reflexively headbutt those who attack you in melee.


Message History

a +0 dire flail; a +0 robe You slash the wight!
You headbutt the wight.
The wight is heavily damaged.
The wight hits you with a +2 trident.
You are too injured to fight recklessly!
You are too injured to fight recklessly!
You are too injured to fight recklessly!
You are too injured to fight recklessly!
You are too injured to fight recklessly!
You are too injured to fight recklessly!
You are too injured to fight recklessly!
You are too injured to fight recklessly!
You are too injured to fight recklessly!
You are too injured to fight recklessly!
You are too injured to fight recklessly!
You are too injured to fight recklessly!
You are too injured to fight recklessly!
You are too injured to fight recklessly!
A wight is nearby!
Unknown command.
You are too injured to fight recklessly!
You are too injured to fight recklessly!
You are too injured to fight recklessly!
You are too injured to fight recklessly!
You are too injured to fight recklessly!
You are too injured to fight recklessly!
You are too injured to fight recklessly!
You are too injured to fight recklessly!
You are too injured to fight recklessly!
You hit the wight but do no damage.
The wight is heavily damaged.
The wight hits you with a +2 trident!
You feel drained. The wight hits you with a +2 trident!
* * * LOW HITPOINT WARNING * * *
You feel drained.
* * * LOW HITPOINT WARNING * * *
You hit the wight. Your headbutt misses the wight.
The wight is heavily damaged.
The wight hits you with a +2 trident!
You die...

## ### ####.##
#.!
......###.#####
#.## #...#)z....#
#... # #...@#
####
.####.##.###.# #
.........# .#
#...#.#.##.###.#
### #. #.#
#....## ..#
#..##.###.#######
#.#
#...............#
#.###
##.##..########.#
#.##. #..#
#######.##)


You could see a wight.

Vanquished Creatures
  3 water moccasins
  2 sky beasts
  An ogre (D:5)
  A necrophage (D:5)
  A kobold brigand (Sewer)
  A bullfrog (D:5)
  A scorpion (D:4)
  A water moccasin skeleton (D:5)
  6 wights (D:6)
  2 bullfrog skeletons (D:5)
  4 hounds
  3 orc priests
  3 iguanas
  3 orc wizards
  A hound skeleton (D:4)
  7 adders
  2 river rats (Sewer)
  A white imp (D:5)
  4 worms
  5 dart slugs
  17 orcs
  7 ball pythons
  5 endoplasms
  3 giant cockroaches
  10 goblins
  4 hobgoblins
  16 jackals
  3 quokkas
  13 bats
  5 frilled lizards
  10 kobolds
  9 rats
154 creatures vanquished.

Notes
Turn   | Place    | Note
-------+----------+-------------------------------------------
     0 | D:1      | leviel the Minotaur Fighter began the quest for the Orb.
     0 | D:1      | Reached XP level 1. HP: 19/19 MP: 0/0
    93 | D:1      | Found Mavviu's General Store.
   313 | D:1      | Reached XP level 2. HP: 27/27 MP: 1/1
   403 | D:1      | Found a faded altar of an unknown god.
   900 | D:2      | Reached XP level 3. HP: 33/33 MP: 2/2
  1289 | D:2      | Reached skill level 3 in Axes
  1608 | D:2      | Found a runed translucent door.
  1609 | D:2      | Noticed Crazy Yiuf
  1824 | D:3      | Reached XP level 4. HP: 40/40 MP: 3/3
  2353 | D:3      | Found a glowing drain.
  2406 | D:3      | Reached skill level 4 in Axes
  2411 | Sewer    | Entered a sewer
  2425 | Sewer    | Reached XP level 5. HP: 17/47 MP: 4/4
  2786 | Sewer    | Reached skill level 1 in Dodging
  3019 | Sewer    | Found a white marble altar of Elyvilon.
  3655 | D:4      | Reached skill level 5 in Axes
  3664 | D:4      | Reached XP level 6. HP: 14/53 MP: 5/5
  4002 | D:4      | Found a transporter.
  4008 | D:4      | Noticed NateTC's ghost (amateur FoFi)
  4025 | D:4      | Found a transporter.
  4120 | D:4      | Reached skill level 5 in Armour
  4653 | D:4      | Reached skill level 6 in Axes
  4812 | D:5      | Entered Level 5 of the Dungeon
  4887 | D:5      | Reached skill level 5 in Shields
  4892 | D:5      | Reached skill level 5 in Fighting
  4892 | D:5      | Reached XP level 7. HP: 52/61 MP: 6/6
  5117 | D:5      | Reached skill level 7 in Axes
  5783 | D:5      | Reached XP level 8. HP: 61/70 MP: 7/7
  5838 | D:5      | Found a blossoming altar of Fedhas.
  6536 | D:6      | Reached skill level 8 in Axes
  6951 | D:6      | Found a stormy altar of Qazlal.
  6993 | D:6      | Found a staircase to the Ecumenical Temple.
  7046 | D:6      | Slain by a wight

Illustrated notes

Levels and vault maps discovered:
D:1:      mrwooster_arrival_arrow, layout_basic, serial_glass, glass_columns_c,
          glass_columns_a, serial_shops, nicolae_shop_waterfront,
          shapermc_ecumenical_altar_mp_highgroup,
          hangedman_abyss_or_decor_lesser_grid, chequers_decorated_corner
D:2:      minmay_alternating_diamond, layout_basic, minmay_tetromino_o2,
          uniq_crazy_yiuf_cottage
D:3:      minmay_evil_eye, layout_basic, gup_sewer_entry_glass, minivault_19,
          minmay_quantized
D:4:      layout_basic, gammafunk_ghost_arena
D:5:      layout_loops_cross, fedhas_altar_3, roderic_batcave,
          hangedman_abyss_or_decor_passed, kennysheep_dice
D:6:      layout_loops_ring, overflow_temple_1_default,
          minmay_temple_entry_large_hall, minivault_22, uniq_grinder

Skill      XL: |  1  2  3  4  5  6  7  8 |
---------------+-------------------------+-----
Armour         | 4 5 6 7 |  7.4
Fighting       | 4 5 7 |  7.0
Shields        | 4 5 6 7 |  7.0
Axes           | 3 4 5 6 7 8 |  8.7
Dodging        | 1 |  1.2
Stealth        | |  0.4

Action                   |  1- 3 |  4- 6 |  7- 9 || total
-------------------------+-------+-------+-------++-------
Melee: War axe           |    82 |   145 |   149 ||   376
       Headbutt          |    16 |    19 |    23 ||    58
  Use: Potion            |     1 |       |       ||     1
Armor: Scale mail        |    32 |    56 |    35 ||   123
Dodge: Dodged            |    26 |    62 |    87 ||   175
Block: Kite shield       |    41 |    89 |    83 ||   213

Table legend: (Time is in decaauts)
 A = Elapsed time spent in this place.
 B = Non-inter-level travel time spent in this place.
 C = Inter-level travel time spent in this place.
 D = Time resting spent in this place.
 E = Time spent auto-exploring this place.
 F = Levels seen in this place.
 G = Mean time per level.
                   A        B        C        D        E       F      G
               +--------+--------+--------+--------+--------+-----+--------+
         Total |   7231 |   7009 |    222 |   1541 |   4579 |   7 | 1033.0 |
       Dungeon |   6539 |   6317 |    222 |   1034 |   4462 |   6 | 1089.8 |
         Sewer |    691 |    691 |      0 |    507 |    117 |   1 |  691.0 |
               +--------+--------+--------+--------+--------+-----+--------+

Top non-repeatable levels by time:
     D:5: 1642 daAuts
     D:3: 1244 daAuts
     D:4: 1186 daAuts
     D:2: 1020 daAuts
     D:1: 804 daAuts
   Sewer: 691 daAuts
     D:6: 640 daAuts
